[Event "Titled Tuesday Blitz June 27 Early 2023"]
[White "Melikhov, Evgeny V."]
[Black "Perez, Maximiliano"]
[WhiteFideId "4122046"]
[BlackFideId "117234"]
[WhiteElo "2378"]
[BlackElo "2555"]
[Result "1-0"]
[Round "8"]
[TimeControl "180+2"]
[Date "2023.06.27"]
[WhiteClock "0:00:04"]
[BlackClock "0:00:05"]
[Board "98"]

1. d4 Nf6 2. c4 e6 3. Nc3 Bb4 4. Qc2 O-O 5. e4 Bxc3+ 6. bxc3 d6 7. e5 dxe5 8. dxe5 Nfd7 9. Nf3 Nc6 10. Bd3 Ndxe5 11. Bxh7+ Kh8 12. Nxe5 Nxe5 13. Be4 f5 14. Qe2 Qh4 15. Bc2 Nf7 16. O-O Bd7 17. Ba3 Rfe8 18. Rad1 Bc6 19. f3 Ng5 20. Qe5 Qxc4 21. Bb3 Qh4 22. Bb2 Rad8 23. c4 Qh6 24. h4 Nf7 25. Qxc7 Rxd1 26. Rxd1 Qg6 27. Kh2 e5 28. c5 Nh6 29. Rd8 Qf6 30. Rxe8+ Bxe8 31. Qxe5 Qxh4+ 32. Kg1 Qg5 33. Qxe8+ Kh7 34. Qe5 Qg6 35. Bc2 Qg5 36. g4 Kg8 37. Bxf5 Nxf5 38. Qxf5 Qd2 39. Qe6+ Kh7 40. Qe4+ Kg8 41. Bd4 Qd1+ 42. Kg2 Qd2+ 43. Kg3 Qxa2 44. Qe5 Qf7 45. g5 Qd7 46. f4 a5 47. f5 a4 48. Qe6+ Qxe6 49. fxe6 g6 50. Bf6 Kf8 51. Kf4 a3 52. Ke5 a2 53. Kd6 Ke8 54. Kc7 b5 55. cxb6 1-0


[Site "https://www.chess.com"]

[Event "Titled Tuesday Blitz June 27 Early 2023"]
[White "Bruedigam, Martin"]
[Black "Sargsyan, Anna M."]
[WhiteFideId "24608033"]
[BlackFideId "13308130"]
[WhiteElo "2531"]
[BlackElo "2553"]
[Result "0-1"]
[Round "8"]
[TimeControl "180+2"]
[Date "2023.06.27"]
[WhiteClock "0:00:02"]
[BlackClock "0:00:43"]
[Board "99"]

1. d4 d5 2. c4 c6 3. Nf3 Nf6 4. e3 Bg4 5. Nc3 e6 6. h3 Bxf3 7. Qxf3 Nbd7 8. g3 Bb4 9. Bd2 O-O 10. Rc1 Re8 11. cxd5 exd5 12. Bd3 Bxc3 13. Bxc3 Ne4 14. O-O Ndf6 15. Rfd1 Qd7 16. Kg2 Re6 17. Be1 Rae8 18. h4 h5 19. b4 g6 20. a4 Ng4 21. Bxe4 Rf6 22. Qe2 Rxe4 23. b5 Qf5 24. bxc6 bxc6 25. Rc3 Ree6 26. Rdc1 g5 27. f3 Nh6 28. Bf2 gxh4 29. gxh4 Kh8 30. Rg1 Rg6+ 31. Kh2 Rxg1 32. Bxg1 Qf6 33. Bf2 Nf5 34. Rc1 Nxd4 35. Qd3 Nxf3+ 36. Kg2 Nxh4+ 37. Kf1 Nf5 38. Rb1 Nxe3+ 39. Kg1 0-1


[Site "https://www.chess.com"]

[Event "Titled Tuesday Blitz June 27 Early 2023"]
[White "Davidson, Kevin"]
[Black "Rodchenkov, Sergey D."]
[WhiteFideId "2056810"]
[BlackFideId "4168712"]
[WhiteElo "2341"]
[BlackElo "2547"]
[Result "1-0"]
[Round "8"]
[TimeControl "180+2"]
[Date "2023.06.27"]
[WhiteClock "0:00:12"]
[BlackClock "0:00:16"]
[Board "100"]

1. e4 c5 2. Nf3 d6 3. d4 cxd4 4. Nxd4 Nf6 5. Nc3 a6 6. h3 e5 7. Nde2 h5 8. Bg5 Be6 9. Bxf6 Qxf6 10. Nd5 Qd8 11. Nec3 g6 12. Bc4 Nc6 13. O-O Bh6 14. Qd3 O-O 15. a4 Nd4 16. a5 Rc8 17. Ra4 Kh7 18. Rfa1 f5 19. Rb4 fxe4 20. Rxb7+ Rf7 21. Rxf7+ Bxf7 22. Nxe4 Kg7 23. c3 Rxc4 24. Qxc4 Qa8 25. cxd4 Bxd5 26. Qc7+ Kh8 27. Nf6 Bg7 28. Nxd5 Qxd5 29. dxe5 Bxe5 30. Qc8+ Kh7 31. Qxa6 Qd2 32. Qb7+ Kh6 33. a6 h4 34. a7 Qf4 35. a8=Q Qh2+ 36. Kf1 Qf4 37. Qaa7 Qc4+ 38. Kg1 Qf4 39. Qh7+ Kg5 40. Qae7+ Bf6 41. Qe3 Be5 1-0


[Site "https://www.chess.com"]

[Event "Titled Tuesday Blitz June 27 Early 2023"]
[White "Mikhaylova, Irina"]
[Black "Belov, Alexei"]
[WhiteFideId "4109040"]
[BlackFideId "4128206"]
[WhiteElo "2322"]
[BlackElo "2543"]
[Result "0-1"]
[Round "8"]
[TimeControl "180+2"]
[Date "2023.06.27"]
[WhiteClock "0:00:15"]
[BlackClock "0:00:28"]
[Board "101"]

1. d4 e6 2. Nf3 d5 3. c4 Nf6 4. Bg5 Be7 5. e3 Nbd7 6. Nc3 O-O 7. Qc2 c5 8. cxd5 Nxd5 9. Bxe7 Qxe7 10. Nxd5 exd5 11. dxc5 Nxc5 12. Be2 Bd7 13. O-O Rac8 14. Rfd1 Ba4 15. Qc3 Bxd1 16. Rxd1 Ne4 17. Qb3 Nf6 18. Nd4 a6 19. h3 g6 20. Bf3 Rfd8 21. Ne2 b5 22. Nd4 Qc5 23. Qd3 Qb4 24. Qd2 Qxd2 25. Rxd2 Rc1+ 26. Kh2 Ne4 27. Bxe4 dxe4 28. a3 Rdc8 29. g4 Rd8 30. Kg3 g5 31. Kg2 Kf8 32. Re2 Ke8 33. Rd2 Rd6 34. Kg3 Kd7 35. Re2 Kc7 36. Rd2 Kb6 37. h4 h6 38. hxg5 hxg5 39. Kg2 Rh6 40. Nf5 Rhh1 41. f4 Rcg1+ 42. Kf2 Rxg4 43. Rd6+ Kc7 44. Rf6 Rh2+ 45. Kf1 gxf4 46. Rxf7+ Kb6 47. Rf6+ Ka5 48. b4+ Ka4 49. Rxa6+ Kb3 50. exf4 Rxf4+ 51. Ke1 Rxf5 0-1


[Site "https://www.chess.com"]

[Event "Titled Tuesday Blitz June 27 Early 2023"]
[White "EdmundPlayer"]
[Black "arenal72"]
[WhiteElo "2306"]
[BlackElo "2375"]
[Result "0-1"]
[Round "8"]
[TimeControl "180+2"]
[Date "2023.06.27"]
[WhiteClock "0:00:00"]
[BlackClock "0:00:56"]
[Board "102"]

1. e4 c5 2. Nf3 e6 3. d4 cxd4 4. Nxd4 Qb6 5. Nb3 a6 6. Be3 Qc7 7. Be2 Nf6 8. f3 d5 9. exd5 Nxd5 10. Bf2 b5 11. O-O Bd6 12. g3 O-O 13. N1d2 Nd7 14. Ne4 Be7 15. f4 Bb7 16. Bf3 Rfd8 17. Qe2 Rac8 18. Rac1 N5f6 19. Nbd2 Nc5 20. Nxc5 Bxc5 21. Bxb7 Qxb7 22. Bxc5 Rxc5 23. Nb3 Rcd5 24. Rcd1 Qd7 25. Rxd5 Qxd5 26. Re1 h5 27. c3 h4 28. Nd4 h3 29. Qf1 Qxa2 30. Re2 b4 31. Qxh3 bxc3 32. bxc3 Qa1+ 33. Qf1 Qxc3 34. Nf3 a5 35. Ne5 a4 36. g4 Nd5 37. f5 Qd4+ 38. Kg2 Nf4+ 39. Kg3 Nxe2+ 40. Qxe2 Qc3+ 41. Kh4 Rd2 0-1


[Site "https://www.chess.com"]

[Event "Titled Tuesday Blitz June 27 Early 2023"]
[White "Panesar Vedant"]
[Black "Omariev, Maksim"]
[WhiteFideId "35033018"]
[BlackFideId "4193423"]
[WhiteElo "2719"]
[BlackElo "2429"]
[Result "1-0"]
[Round "8"]
[TimeControl "180+2"]
[Date "2023.06.27"]
[WhiteClock "0:01:19"]
[BlackClock "0:00:00"]
[Board "104"]

1. e4 c5 2. Nf3 d6 3. d4 cxd4 4. Nxd4 Nf6 5. Nc3 a6 6. Bg5 Nbd7 7. Qe2 b5 8. O-O-O Bb7 9. f3 Rc8 10. Qd2 e6 11. h4 Be7 12. g4 b4 13. Nce2 d5 14. Bxf6 Bxf6 15. g5 Be7 16. Bh3 Qb6 17. Nf4 Rc5 18. Ndxe6 fxe6 19. Bxe6 Ne5 20. exd5 Bd6 21. Nh5 Qc7 22. f4 Nc4 23. Qd4 Kf8 24. Rhe1 a5 25. Kb1 a4 26. f5 a3 27. f6 Nxb2 28. fxg7+ 1-0


[Site "https://www.chess.com"]

[Event "Titled Tuesday Blitz June 27 Early 2023"]
[White "LeoLV10"]
[Black "Zhu, Jiner"]
[BlackFideId "8608059"]
[WhiteElo "2413"]
[BlackElo "2692"]
[Result "0-1"]
[Round "8"]
[TimeControl "180+2"]
[Date "2023.06.27"]
[WhiteClock "0:00:10"]
[BlackClock "0:01:22"]
[Board "105"]

1. e4 h5 2. Nf3 a5 3. d4 a4 4. c4 g6 5. Nc3 Bg7 6. Be2 e6 7. O-O Ne7 8. Bg5 O-O 9. Qd2 Qe8 10. Bh6 d6 11. Rad1 Nd7 12. Bxg7 Kxg7 13. Ne1 b6 14. Nd3 a3 15. b4 Bb7 16. f4 f5 17. Bf3 Rd8 18. e5 Bxf3 19. Rxf3 dxe5 20. fxe5 Nc6 21. Ne2 Qf7 22. Rg3 Kh7 23. Ndf4 Ndxe5 24. Qc1 Ng4 25. h3 Nf6 26. Rxa3 g5 27. Nd3 Ne4 28. Qe3 Qg7 29. Ne1 Nxb4 30. Qf3 Nc6 31. Qxh5+ Qh6 32. Qf3 Ne7 33. Rad3 Ng6 34. Nc2 Nh4 35. Qf1 f4 36. d5 e5 37. Nc3 Nc5 38. R3d2 e4 39. Nd4 f3 40. g3 e3 41. Rb2 f2+ 42. Kh1 Nf5 43. Nxf5 Rxf5 44. Re2 Rf3 45. Kg2 Rdf8 46. Rd4 Qf6 47. Nb5 Qe5 48. Rg4 Ne4 49. h4 Rxg3+ 50. Rxg3 Qxg3+ 51. Kh1 Qxh4+ 52. Kg2 Qg3+ 53. Kh1 Rf4 54. Rxf2 Rh4+ 55. Rh2 Qxh2# 0-1


[Site "https://www.chess.com"]

[Event "Titled Tuesday Blitz June 27 Early 2023"]
[White "Ovchinnikov, Vsevolod"]
[Black "Dinu, Dumitru-Daniel"]
[WhiteFideId "24176842"]
[BlackFideId "1208403"]
[WhiteElo "2583"]
[BlackElo "2410"]
[Result "1/2-1/2"]
[Round "8"]
[TimeControl "180+2"]
[Date "2023.06.27"]
[WhiteClock "0:00:10"]
[BlackClock "0:00:02"]
[Board "107"]

1. d4 Nf6 2. c4 e6 3. g3 Bb4+ 4. Bd2 a5 5. Bg2 O-O 6. e4 d6 7. Ne2 e5 8. O-O Re8 9. a3 Bxd2 10. Nxd2 a4 11. h3 Bd7 12. f4 exd4 13. Nxd4 Nc6 14. Ne2 Qe7 15. Nc3 Nd4 16. g4 Bc6 17. Rc1 Nd7 18. Nd5 Bxd5 19. cxd5 Nc5 20. Rc4 Ndb3 21. Nb1 b5 22. Rb4 Rab8 23. Nc3 Qd7 24. e5 Na6 25. Re4 Nac5 26. Re2 b4 27. Ne4 Nxe4 28. Rxe4 bxa3 29. bxa3 Nc5 30. Re2 Rb3 31. Rf3 Qb5 32. Kh2 Rxf3 33. Bxf3 Qb3 34. Re1 Qxd1 35. Bxd1 Nd3 36. Re3 Nxf4 37. Bxa4 Rxe5 38. Rxe5 dxe5 39. Bc6 Kf8 40. a4 Nd3 41. a5 Nc5 42. Bb7 Ke7 43. a6 Nd7 44. a7 Nb6 45. a8=Q Nxa8 46. Bxa8 Kd6 47. Kg3 f6 48. Kf3 g6 49. Ke4 Kc5 50. Bc6 Kd6 51. Bb7 Kc5 52. Bc8 Kd6 53. Be6 c6 54. Bg8 cxd5+ 55. Kf3 h6 56. Bf7 g5 57. Ke3 Kc5 58. Kd3 Kd6 59. Kc3 Kc5 60. Kd3 e4+ 61. Ke3 Kc4 62. Be6 Kc5 63. Bg8 Kc4 64. Ke2 Kd4 65. Kd2 Ke5 66. Ke3 d4+ 67. Ke2 Kf4 68. Bd5 e3 69. Bg2 Kg3 70. Bf1 Kh2 71. Kf3 Kg1 72. Be2 Kh2 73. Bf1 Kg1 74. Bd3 Kh2 75. Bf1 1/2-1/2


[Site "https://www.chess.com"]

[Event "Titled Tuesday Blitz June 27 Early 2023"]
[White "Topalov, Aleksandar"]
[Black "Skliarov, Viktor"]
[WhiteFideId "925659"]
[BlackFideId "14106736"]
[WhiteElo "2405"]
[BlackElo "2559"]
[Result "1/2-1/2"]
[Round "8"]
[TimeControl "180+2"]
[Date "2023.06.27"]
[WhiteClock "0:00:53"]
[BlackClock "0:00:53"]
[Board "108"]

1. b3 c5 2. Bb2 Nc6 3. Nf3 d6 4. d4 cxd4 5. Nxd4 Nf6 6. c4 g6 7. Nc3 Bg7 8. g3 O-O 9. Bg2 Bd7 10. O-O Rc8 11. Rc1 a6 12. Qd2 Nxd4 13. Qxd4 Bc6 14. Nd5 b5 15. cxb5 Bxd5 16. Bxd5 Nh5 17. Qd2 Bxb2 18. Qxb2 axb5 19. a4 Qb6 20. Qd2 bxa4 21. bxa4 Nf6 22. Bf3 Kg7 23. a5 Qa6 24. Rb1 Rc5 25. Rb7 Qxa5 26. Qxa5 Rxa5 27. Rxe7 Re5 28. Rb7 g5 29. h3 h5 30. g4 hxg4 31. hxg4 Rfe8 32. Rd1 d5 33. Rc1 R8e7 1/2-1/2


[Site "https://www.chess.com"]

[Event "Titled Tuesday Blitz June 27 Early 2023"]
[White "Szyszylo, Rafal"]
[Black "chess123456s"]
[WhiteFideId "1109626"]
[WhiteElo "2399"]
[BlackElo "2548"]
[Result "0-1"]
[Round "8"]
[TimeControl "180+2"]
[Date "2023.06.27"]
[WhiteClock "0:00:00"]
[BlackClock "0:01:26"]
[Board "109"]

1. e4 e5 2. Bc4 Nf6 3. Nc3 Bc5 4. d3 c6 5. Qf3 d6 6. Nge2 a5 7. a4 h5 8. h3 Nbd7 9. Bg5 Nf8 10. O-O-O Be6 11. Ng3 Qe7 12. Nf5 Bxf5 13. Qxf5 Ne6 14. Bxf6 Qxf6 15. Bxe6 fxe6 16. Qxf6 gxf6 17. f3 h4 18. Ne2 Rg8 19. Rh2 Ke7 20. c3 Be3+ 21. Kc2 Rg6 22. d4 Rag8 23. dxe5 fxe5 24. Rd3 Ba7 25. g4 hxg3 26. Rg2 Bf2 27. f4 exf4 28. Nxf4 Rh6 29. Rf3 Rf6 30. Kd3 Rgf8 31. Rfxg3 Bxg3 32. Nh5 Rf3+ 33. Ke2 Be5 0-1


[Site "https://www.chess.com"]

[Event "Titled Tuesday Blitz June 27 Early 2023"]
[White "Adla, Diego"]
[Black "Glavina, Pablo"]
[WhiteFideId "100072"]
[BlackFideId "100234"]
[WhiteElo "2535"]
[BlackElo "2379"]
[Result "1-0"]
[Round "8"]
[TimeControl "180+2"]
[Date "2023.06.27"]
[WhiteClock "0:01:14"]
[BlackClock "0:00:51"]
[Board "110"]

1. e4 e5 2. Nf3 Nc6 3. Nc3 Nf6 4. g3 d5 5. exd5 Nd4 6. Bg2 Bg4 7. h3 Bxf3 8. Bxf3 Nxf3+ 9. Qxf3 Bb4 10. Rb1 O-O 11. O-O b6 12. d3 Bxc3 13. bxc3 Qxd5 14. Qxd5 Nxd5 15. c4 Ne7 16. Re1 Ng6 17. a4 a5 18. Rb5 Rad8 19. c5 Rd5 20. Be3 Rb8 21. Reb1 Ne7 22. cxb6 c6 23. R5b3 c5 24. c4 Rd7 25. Bxc5 Nc6 26. Kf1 f6 27. Ke2 Kf7 28. Be3 Nb4 29. c5 Ke6 30. Rxb4 axb4 31. c6 Rd6 32. c7 Ra8 33. b7 Rxa4 34. c8=Q+ Kd5 35. Qc4# 1-0


[Site "https://www.chess.com"]

[Event "Titled Tuesday Blitz June 27 Early 2023"]
[White "Tarasova, Viktoriya"]
[Black "Yaksin, Oleg"]
[WhiteFideId "4175840"]
[BlackFideId "24105880"]
[WhiteElo "2368"]
[BlackElo "2532"]
[Result "0-1"]
[Round "8"]
[TimeControl "180+2"]
[Date "2023.06.27"]
[WhiteClock "0:00:33"]
[BlackClock "0:00:41"]
[Board "111"]

1. d4 Nf6 2. c4 e6 3. Nc3 Bb4 4. e3 O-O 5. Bd3 d5 6. cxd5 exd5 7. Nf3 Nbd7 8. O-O c6 9. Qc2 Re8 10. h3 Bd6 11. a3 a5 12. b3 Nf8 13. Bb2 Ng6 14. Ne2 Ne4 15. Rac1 f5 16. Nd2 Qf6 17. Nb1 Nh4 18. f3 Qg5 19. Nf4 Ng3 20. Rf2 Rxe3 21. Ne2 Nxe2+ 22. Bxe2 Qg3 23. Kf1 Qh2 24. Ke1 Qg1+ 25. Rf1 Qxg2 0-1


[Site "https://www.chess.com"]

[Event "Titled Tuesday Blitz June 27 Early 2023"]
[White "Romero Ruscalleda, Josep"]
[Black "Bilan, Danila"]
[WhiteFideId "2231859"]
[BlackFideId "24161918"]
[WhiteElo "2361"]
[BlackElo "2530"]
[Result "1-0"]
[Round "8"]
[TimeControl "180+2"]
[Date "2023.06.27"]
[WhiteClock "0:00:08"]
[BlackClock "0:00:00"]
[Board "112"]

1. e4 c6 2. Nc3 d5 3. Nf3 Bg4 4. h3 Bxf3 5. Qxf3 e6 6. d4 dxe4 7. Qxe4 Nf6 8. Qd3 Bd6 9. g3 h5 10. Bg2 h4 11. g4 Qc7 12. Bg5 Nbd7 13. a4 Bf4 14. Bxf4 Qxf4 15. a5 a6 16. Qe3 Qd6 17. O-O Rd8 18. Ne2 Nd5 19. Qg5 g6 20. c3 Qe7 21. Qd2 N7f6 22. Rae1 c5 23. dxc5 Qxc5 24. Nd4 O-O 25. Qg5 Kg7 26. Rxe6 Qc7 27. Nf5+ Kg8 28. Ne7+ Nxe7 29. Rxf6 Kg7 30. Be4 Rh8 31. Rf3 Nc6 32. Qf6+ Kg8 33. Bxg6 Rf8 34. Be4 Ne5 35. Rf5 Ng6 36. Rg5 Rh6 37. Re1 Kh7 38. Bxg6+ fxg6 39. Qxf8 1-0


[Site "https://www.chess.com"]

[Event "Titled Tuesday Blitz June 27 Early 2023"]
[White "Chor, Kevin"]
[Black "Nithyalakshmi, Sivanesan"]
[WhiteFideId "2090740"]
[BlackFideId "5706955"]
[WhiteElo "2530"]
[BlackElo "2361"]
[Result "1-0"]
[Round "8"]
[TimeControl "180+2"]
[Date "2023.06.27"]
[WhiteClock "0:00:14"]
[BlackClock "0:00:14"]
[Board "113"]

1. e4 e6 2. d4 d5 3. Nd2 Nc6 4. Ngf3 Nf6 5. e5 Nd7 6. Bd3 f6 7. exf6 Qxf6 8. Nb3 h6 9. O-O Bd6 10. c4 dxc4 11. Bxc4 Nb6 12. Bb5 Bd7 13. Re1 O-O 14. Be3 Nd5 15. Rc1 a6 16. Bc4 Nce7 17. Qe2 Bb4 18. Red1 Bc6 19. Ne5 Bd6 20. Bd2 Rae8 21. Nc5 Bxc5 22. dxc5 Nf5 23. Nf3 Qxb2 24. Ne5 Nd4 25. Qg4 Nf6 26. Qh4 Nf5 27. Qf4 g5 28. Qxf5 Nh7 29. Qg6+ Kh8 30. Nf7+ Rxf7 31. Qxf7 Rf8 32. Bc3+ Qxc3 33. Qxf8+ Nxf8 34. Rxc3 Ng6 35. Bxe6 Kg7 36. Bd5 Bb5 37. Bxb7 Nf4 38. Bf3 Ne6 39. Re1 Kf6 40. Rxe6+ Kxe6 41. a3 1-0


[Site "https://www.chess.com"]

[Event "Titled Tuesday Blitz June 27 Early 2023"]
[White "Kuzmin, Roman"]
[Black "Rosenberg, Evan S"]
[WhiteFideId "44134932"]
[BlackFideId "2019299"]
[WhiteElo "2528"]
[BlackElo "2350"]
[Result "0-1"]
[Round "8"]
[TimeControl "180+2"]
[Date "2023.06.27"]
[WhiteClock "0:01:06"]
[BlackClock "0:00:12"]
[Board "114"]

1. e4 c5 2. Nf3 g6 3. d4 cxd4 4. Nxd4 Nf6 5. Nc3 Nc6 6. Be3 Bg7 7. Nxc6 dxc6 8. Qxd8+ Kxd8 9. O-O-O+ Nd7 10. Bc4 Rf8 11. h4 h5 12. Rd2 Kc7 13. Rhd1 e5 14. a4 a5 15. Nb1 Nb6 16. Bb3 Be6 17. Bxe6 fxe6 18. b3 Bf6 19. g3 Rad8 20. Rxd8 Rxd8 21. Bxb6+ Kxb6 22. Rxd8 Bxd8 23. Kb2 Kc7 24. Nd2 b5 25. Nf3 Kd6 26. Kc3 Bb6 27. Ng1 Bxf2 28. Ne2 Kc5 29. axb5 cxb5 30. Kb2 Kb4 31. c3+ Kc5 32. Ka3 a4 33. Kb2 axb3 34. Kxb3 Be1 35. Nc1 Bxg3 36. Nd3+ Kd6 37. Kb4 Bxh4 38. Kxb5 Bd8 39. c4 h4 40. c5+ Kc7 41. Nxe5 h3 42. Ng4 Bh4 43. c6 Bg3 44. Nf6 h2 45. e5 Bxe5 46. Ne8+ Kc8 0-1


[Site "https://www.chess.com"]

[Event "Titled Tuesday Blitz June 27 Early 2023"]
[White "slidingknight2775"]
[Black "Mayaud, Raphael"]
[BlackFideId "627151"]
[WhiteElo "2528"]
[BlackElo "2344"]
[Result "1-0"]
[Round "8"]
[TimeControl "180+2"]
[Date "2023.06.27"]
[WhiteClock "0:00:20"]
[BlackClock "0:00:09"]
[Board "115"]

1. d4 Nf6 2. Bg5 Ne4 3. Bf4 d5 4. Nd2 Nxd2 5. Qxd2 Bf5 6. Nf3 c6 7. e3 e6 8. c3 h6 9. h3 Nd7 10. Bd3 Bxd3 11. Qxd3 Be7 12. O-O O-O 13. Ne5 Nxe5 14. Bxe5 f5 15. c4 Bd6 16. Bxd6 Qxd6 17. f4 b6 18. Rfc1 Rac8 19. c5 Qd7 20. b4 b5 21. a4 a6 22. Ra3 g5 23. Rca1 Rc7 24. R1a2 Qg7 25. Qd2 g4 26. Kh2 Qg6 27. axb5 axb5 28. Qf2 Rg7 29. g3 gxh3 30. Ra7 Rff7 31. Ra8+ Kh7 32. Rc8 Rc7 33. Rxc7 Rxc7 34. Qf1 Qg4 35. Qxh3 Qd1 36. Qg2 Rg7 37. Ra6 Qh5+ 38. Qh3 Qe2+ 39. Qg2 Qxe3 40. Rxc6 Qxd4 41. Rxe6 Qxb4 42. Qh3 Qb1 43. Qxh6+ Kg8 44. Re8+ Kf7 45. Qe6# 1-0


[Site "https://www.chess.com"]

[Event "Titled Tuesday Blitz June 27 Early 2023"]
[White "Yelisieiev, Yevhenii"]
[Black "Gomes, Luiz Alexandre de Souza"]
[WhiteFideId "14139642"]
[BlackFideId "2102790"]
[WhiteElo "2513"]
[BlackElo "2342"]
[Result "1-0"]
[Round "8"]
[TimeControl "180+2"]
[Date "2023.06.27"]
[WhiteClock "0:00:10"]
[BlackClock "0:00:00"]
[Board "116"]

1. d4 Nf6 2. Nf3 g6 3. g3 Bg7 4. Bg2 O-O 5. O-O d5 6. c3 c6 7. a4 Bf5 8. Nbd2 Ne4 9. a5 a6 10. Qb3 Qc8 11. Re1 Nd7 12. Nh4 Nxd2 13. Bxd2 Be6 14. Qb4 Re8 15. e4 dxe4 16. Bxe4 Nf6 17. Bg2 Nd5 18. Qa3 Bf8 19. Nf3 Nc7 20. Ne5 Bd5 21. Bf1 f6 22. Nd3 e5 23. Qa4 exd4 24. Qxd4 Bg7 25. Nf4 Bf7 26. Bc4 Bxc4 27. Qxc4+ Kh8 28. Rxe8+ Nxe8 29. Re1 Nd6 30. Qc5 Qd7 31. Ne6 Re8 32. Nxg7 Rxe1+ 33. Bxe1 Kxg7 34. Qd4 Qe6 35. Bd2 Nc4 36. b4 Qd5 37. Qxd5 cxd5 38. Bf4 g5 39. Bb8 Kf7 40. Kf1 Ke6 41. Ke2 f5 42. f3 g4 43. fxg4 fxg4 44. Kd3 h5 45. Bf4 Na3 46. Kd4 Nb5+ 47. Kc5 Nxc3 48. Kb6 Na2 49. Bd2 Kd6 50. Kxb7 d4 51. Kxa6 Kd5 52. b5 Nc3 53. b6 Ne4 54. Bf4 Nc5+ 55. Ka7 Kc6 56. a6 d3 57. b7 1-0


[Site "https://www.chess.com"]

[Event "Titled Tuesday Blitz June 27 Early 2023"]
[White "Vifleemskaia, Svetlana"]
[Black "Gamayev, Oleg"]
[WhiteFideId "4129490"]
[BlackFideId "2802813"]
[WhiteElo "2329"]
[BlackElo "2504"]
[Result "0-1"]
[Round "8"]
[TimeControl "180+2"]
[Date "2023.06.27"]
[WhiteClock "0:00:00"]
[BlackClock "0:03:02"]
[Board "117"]

1. d4 d6 2. c4 Nf6 3. Nc3 e5 4. dxe5 dxe5 5. Qxd8+ Kxd8 6. Bg5 Be7 7. O-O-O+ Nfd7 8. Bxe7+ Kxe7 9. Nd5+ Kd8 10. Nf3 f6 11. e3 c6 12. Nc3 Kc7 13. Bd3 a5 14. Bc2 Nc5 15. h3 Nba6 16. a3 Be6 17. b3 h6 18. Nd2 Rhd8 19. Nde4 Rxd1+ 20. Rxd1 Rd8 21. Rxd8 Kxd8 22. Nxc5 Nxc5 23. b4 axb4 24. axb4 Na6 25. b5 Nc5 26. Ne4 Nxe4 27. Bxe4 cxb5 28. cxb5 b6 29. Kd2 Kc7 30. Kc3 Kd6 31. Kb4 g5 32. Bf3 f5 33. e4 f4 34. Bg4 Bf7 35. Bf5 Ke7 36. f3 Kf6 37. Bd7 Bg6 38. Bc6 Bf7 39. Bd7 Kg6 40. Bf5+ Kh5 41. Bd7 Kh4 42. Bc6 Kg3 43. Bd5 Be8 44. Bc6 Bg6 45. Kc4 Kxg2 46. Kd5 Kxf3 47. Kxe5 Ke3 0-1


[Site "https://www.chess.com"]

[Event "Titled Tuesday Blitz June 27 Early 2023"]
[White "Rodriguez Polo, Mateo"]
[Black "Shubenkova, Veronika"]
[WhiteFideId "24509396"]
[BlackFideId "44124040"]
[WhiteElo "2328"]
[BlackElo "2504"]
[Result "1/2-1/2"]
[Round "8"]
[TimeControl "180+2"]
[Date "2023.06.27"]
[WhiteClock "0:00:25"]
[BlackClock "0:01:38"]
[Board "118"]

1. e4 e6 2. d4 d5 3. exd5 exd5 4. Bd3 Nf6 5. Ne2 Bd6 6. O-O O-O 7. Bf4 c6 8. c3 Bg4 9. f3 Bh5 10. Re1 Re8 11. Bxd6 Qxd6 12. Nd2 Nbd7 13. Nf1 Re7 14. Neg3 Rxe1 15. Qxe1 Re8 16. Qd2 Bg6 17. Nf5 Bxf5 18. Bxf5 Qe7 19. Kf2 g6 20. Bd3 Kg7 21. Re1 Qxe1+ 22. Qxe1 Rxe1 23. Kxe1 Ne8 24. Ne3 Nd6 25. Kd2 f5 26. b3 Kf6 27. c4 Ke6 28. g3 Nf6 29. h4 Nh5 30. Nf1 b6 31. Ke3 c5 32. g4 f4+ 33. Ke2 Ng3+ 34. Nxg3 fxg3 35. dxc5 bxc5 36. f4 dxc4 37. Bxc4+ Nxc4 38. bxc4 h5 39. gxh5 gxh5 40. Kf3 Kf5 41. Kxg3 Ke4 42. f5 Kxf5 43. Kf3 a6 44. a3 Ke5 45. Ke3 Kf5 46. Kf3 Ke5 47. Ke3 a5 48. a4 Kf5 49. Kf3 Ke5 50. Ke3 Kf5 51. Kf3 Ke5 52. Ke3 1/2-1/2


[Site "https://www.chess.com"]

[Event "Titled Tuesday Blitz June 27 Early 2023"]
[White "Vyatkin, Dmitry"]
[Black "Osinovsky, Stepan"]
[WhiteFideId "4171900"]
[BlackFideId "4157354"]
[WhiteElo "2493"]
[BlackElo "2322"]
[Result "1-0"]
[Round "8"]
[TimeControl "180+2"]
[Date "2023.06.27"]
[WhiteClock "0:00:15"]
[BlackClock "0:00:00"]
[Board "119"]

1. d4 Nf6 2. c4 g6 3. g3 Bg7 4. Bg2 O-O 5. Nc3 d6 6. Nf3 Nbd7 7. O-O e5 8. e4 Re8 9. Re1 c6 10. h3 h6 11. Be3 Qe7 12. Qc2 Nh7 13. Rad1 Ng5 14. Nxg5 hxg5 15. Qd2 Bf6 16. d5 c5 17. a3 Kg7 18. b4 b6 19. Bf3 Rh8 20. Bg4 a5 21. bxc5 Nxc5 22. Bxc5 bxc5 23. Kg2 Rh7 24. Rh1 Ba6 25. Qd3 Rah8 26. Rb1 Qd8 27. Nd1 Qc7 28. Ne3 Rd8 29. Rb2 Rhh8 30. Rhb1 Rb8 31. Qc3 Rhd8 32. Rxb8 Rxb8 33. Rxb8 Qxb8 34. Qxa5 Qb7 35. a4 Be7 36. Bd7 Kf8 37. Bc6 Qc8 38. Bb5 Bb7 39. Qa7 Bd8 40. a5 1-0


[Site "https://www.chess.com"]

[Event "Titled Tuesday Blitz June 27 Early 2023"]
[White "Blokhin, Sofia"]
[Black "Alvarado Diaz, Alejandro"]
[WhiteFideId "4508190"]
[BlackFideId "2276119"]
[WhiteElo "2317"]
[BlackElo "2489"]
[Result "1-0"]
[Round "8"]
[TimeControl "180+2"]
[Date "2023.06.27"]
[WhiteClock "0:01:38"]
[BlackClock "0:00:00"]
[Board "120"]

1. d4 Nf6 2. c4 e6 3. Nc3 Bb4 4. f3 Nc6 5. a3 Bxc3+ 6. bxc3 b6 7. e4 e5 8. d5 Na5 9. Be3 d6 10. Bd3 O-O 11. Nh3 Ba6 12. Qe2 Nd7 13. O-O Nc5 14. Bxc5 bxc5 15. Rab1 Qd7 16. f4 exf4 17. Rxf4 Rab8 18. Rbf1 Rb6 19. Qh5 h6 20. g4 Bxc4 21. Bxc4 Nxc4 22. g5 Ne5 23. gxh6 g6 24. h7+ Kh8 25. Qh6 Qe7 26. Ng5 Rbb8 27. h4 1-0


[Site "https://www.chess.com"]

[Event "Titled Tuesday Blitz June 27 Early 2023"]
[White "Balint, Vilmos"]
[Black "Itkis, Boris"]
[WhiteFideId "718050"]
[BlackFideId "1209167"]
[WhiteElo "2242"]
[BlackElo "2436"]
[Result "0-1"]
[Round "8"]
[TimeControl "180+2"]
[Date "2023.06.27"]
[WhiteClock "0:02:06"]
[BlackClock "0:02:11"]
[Board "121"]

1. d4 d5 2. Nc3 Nf6 3. Bf4 c5 4. Nb5 Na6 5. e3 cxd4 6. exd4 Bg4 7. Nf3 e6 8. c3 Be7 9. Be2 O-O 10. O-O Qd7 11. Qa4 Bxf3 12. gxf3 Nb8 13. Qb3 Nc6 14. Kh1 a6 15. Na3 b5 16. Nc2 Na5 0-1


[Site "https://www.chess.com"]